 Dungeon Crawl Stone Soup version 0.27.1-33-g824d729ab1 (webtiles) character file.

Game seed: 17699143066271721188

120032 jlumianski the Destroyer (level 16, 0/96 HPs)
             Began as a Gargoyle Monk on Dec 18, 2021.
             Was the Champion of Vehumet.
             Slain by a wolf spider (13 damage)
             ... on level 1 of the Spider Nest.
             The game lasted 03:46:02 (32470 turns).

jlumianski the Destroyer (Gargoyle Monk)           Turns: 32470, Time: 03:46:03

Health: 0/96       AC: 22    Str: 17    XL:     16   Next: 81%
Magic:  29/29      EV:  7    Int: 18    God:    Vehumet [******]
Gold:   1030       SH:  0    Dex: 12    Spells: 3/34 levels left

rFire    . . .     SeeInvis .   X - +3 lajatang (spect)
rCold    . . .     Faith    .   (shield currently unavailable)
rNeg     + . .     Spirit   .   g - +0 troll leather armour
rPois    ∞         Reflect  .   E - +2 hat {Will+}
rElec    +         Harm     .   (no cloak)
rCorr    .         Rampage  +   Y - +1 pair of gloves
Will     ++...                  y - +1 pair of boots
Stlth    +++.......             K - amulet "Buiff" {Rampage Regen+}
HPRegen  0.00/turn              U - +4 ring of protection
MPRegen  0.21/turn              p - +4 ring of protection

@: about to teleport, marked, corroded, flying, very slightly contaminated,
held, inhibited regen, slowed, very slow
A: sickness immunity, AC +12, big wings, negative energy resistance 1,
electricity resistance, torment resistance 1, petrification resistance, talons
1, iridescent scales 1, clever 1, inhibited regeneration
a: Renounce Religion


You were on level 1 of the Spider Nest.
You worshipped Vehumet.
Vehumet was exalted by your worship.
You visited 4 branches of the dungeon, and saw 24 of its levels.
You also visited: Gauntlet and Ice Cave.

You collected 2665 gold pieces.
You spent 1635 gold pieces at shops.

Inventory:

Hand Weapons
 n - the +2 long sword of Otum {elec, *Slow rC+ Will+++ Dex+7}
   (You found it on level 14 of the Dungeon)

   It occasionally discharges a powerful burst of electricity upon striking a
   foe.
   Dex:       It affects your dexterity (+7).
   rC:        It protects you from cold.
   *Slow:     It may slow you when you take damage.
   Will:      It greatly increases your willpower.
 r - the +3 Elemental Staff {rElec rF++ rC++ Will++ AC+5}
   (You found it in a Gauntlet)

   If the wielder is skilled in Evocations, they can discharge powerful blasts
   of elemental energy when striking with it.
   It enhances your fire, ice, earth and air magic.
   AC:        It affects your AC (+5).
   rF:        It greatly protects you from fire.
   rC:        It greatly protects you from cold.
   rElec:     It insulates you from electricity.
   Will:      It greatly increases your willpower.
 N - the +7 sceptre of Torment {pain, torment}
   (You took it off a minotaur in a Gauntlet)

   In the hands of one skilled in necromantic magic, it inflicts extra damage on
   living creatures.
   It occasionally torments all nearby living foes when it strikes in combat.
 X - a +3 spectral lajatang (weapon)
Missiles
 c - 108 poisoned darts
 h - a curare-tipped dart
 w - 30 boomerangs (quivered)
 B - 10 javelins
 R - 13 boomerangs of dispersal
Armour
 g - a +0 troll leather armour (worn)
 y - a +1 pair of boots (worn)
 E - a +2 hat of willpower (worn)
 Y - a +1 pair of gloves (worn)
Magical Staves
 f - a staff of fire
Jewellery
 p - a +4 ring of protection (right hand)
 D - a ring of magical power
 G - a +6 ring of strength
 I - a ring of see invisible
 K - the amulet "Buiff" (around neck) {Rampage Regen+}
   (You found it on level 5 of the Lair of Beasts)

   [amulet of regeneration]

   Regen:     It increases your rate of health regeneration.
   Rampage:   It bestows one free step when moving towards enemies.
 U - a +4 ring of protection (left hand)
Wands
 z - a wand of paralysis (17)
 J - a wand of iceblast (22)
 O - a wand of mindburst (19)
 Q - a wand of flame (45)
 W - a wand of digging (11)
Scrolls
 b - a scroll of blinking
 e - 4 scrolls of fog
 j - 11 scrolls of identify
 k - a scroll of holy word
 v - a scroll of summoning
 F - 8 scrolls of teleportation
 L - a scroll of fear
 Z - 4 scrolls of magic mapping
Potions
 d - a potion of invisibility
 i - 3 potions of cancellation
 l - 6 potions of ambrosia
 q - 2 potions of heal wounds
 s - 8 potions of curing
 u - 4 potions of resistance
 A - 3 potions of might
 C - a potion of haste
 V - 2 potions of lignification
Miscellaneous
 S - a condenser vane


   Skills:
 + Level 9.0 Fighting
 + Level 3.6(5.8) Axes
 - Level 7.8(10.6) Maces & Flails
 * Level 10.7(11.6) Staves
 + Level 3.5 Throwing
 * Level 8.2 Armour
 + Level 8.2 Dodging
 + Level 7.2 Stealth
 + Level 9.6 Spellcasting
 * Level 13.2 Conjurations
 * Level 2.0 Necromancy
 + Level 3.7 Transmutations
 + Level 5.0 Fire Magic
 + Level 2.7 Ice Magic
 + Level 2.0 Air Magic
 + Level 2.1 Earth Magic
 * Level 12.0 Poison Magic
 * Level 1.8 Evocations


You had 3 spell levels left.
You knew the following spells:

 Your Spells              Type           Power      Damage    Failure   Level
a - Foxfire               Conj/Fire      100%       2x1d9     1%          1
b - Olgreb's Toxic Radia  Pois           51%        N/A       1%          4
c - Irradiate             Conj/Tmut      19%        3d20      2%          5
d - Freezing Cloud        Conj/Ice/Air   15%        6-21      6%          5
e - Iskenderun's Battles  Conj           54%        2d10      1%          5
f - Stone Arrow           Conj/Erth      72%        3d11      1%          3
g - Bolt of Magma         Conj/Fire/Erth 16%        4d9       4%          5
h - Frozen Ramparts       Ice            36%        1d5       2%          3

Your spell library contained the following spells:

 Spells                   Type           Power      Damage    Failure   Level
 Chain Lightning          Conj/Air       18%        3d24      100%        9
 Fire Storm               Conj/Fire      20%        8d5       100%        9
 Shatter                  Erth           8%         3d10*     100%        9
 Freeze                   Ice            72%        1d9       1%          1
 Static Discharge         Conj/Air       36%        N/A       1%          2
 Conjure Flame            Conj/Fire      41%        6-21      1%          3
 Dazzling Flash           Conj/Hex       64%        N/A       1%          3
 Ignite Poison            Fire/Tmut/Pois 33%        N/A       1%          3
 Mephitic Cloud           Conj/Pois/Air  41%        N/A       1%          3
 Inner Flame              Hex/Fire       17%        N/A       2%          3
 Animate Skeleton         Necr           30%        N/A       4%          1
 Pain                     Necr           60%        1d7       4%          1
 Ozocubu's Armour         Ice            18%        N/A       9%          3
 Vampiric Draining        Necr           7%         2d7       13%         3
 Slow                     Hex            8%         N/A       14%         2
 Call Canine Familiar     Summ           8%         N/A       28%         3
 Confusing Touch          Hex            8%         N/A       28%         3
 Portal Projectile        Hex/Tloc       16%        N/A       28%         3
 Hailstorm                Conj/Ice       37%        3d9       1%          4
 Iskenderun's Mystic Bla  Conj/Tloc      32%        2d8       1%          4
 Fireball                 Conj/Fire      20%        3d10      1%          5
 Lightning Bolt           Conj/Air       18%        1d32      3%          5
 Starburst                Conj/Fire      20%        6d7       10%         6
 Orb of Destruction       Conj           27%        9d11      10%         7
 Conjure Ball Lightning   Conj/Air       18%        3x3d6     17%         6
 Petrify                  Tmut/Erth      19%        N/A       28%         4
 Lee's Rapid Deconstruct  Erth           8%         3d8*      28%         5
 Yara's Violent Unravell  Hex/Tmut       7%         3d5       30%         5
 Animate Dead             Necr           7%         N/A       38%         4
 Dispel Undead            Necr           15%        3d10      38%         4
 Animate Armour           Summ/Erth      24%        N/A       52%         4
 Leda's Liquefaction      Hex/Erth       6%         N/A       52%         4
 Metabolic Englaciation   Hex/Ice        6%         N/A       83%         5
 Simulacrum               Ice/Necr       8%         N/A       99%         6
 Ozocubu's Refrigeration  Ice            9%         4d6       99%         7
 Lehudib's Crystal Spear  Conj/Erth      18%        10d5      99%         8
 Haunt                    Necr/Summ      6%         N/A       100%        7
 Ignition                 Fire           13%        3d6       100%        8
 Infestation              Necr           7%         N/A       100%        8
 Maxwell's Capacitive Co  Air            8%         ∞         100%        8
 Death's Door             Necr           7%         N/A       100%        9
 Polar Vortex             Ice            9%         N/A       100%        9
 Sublimation of Blood     Necr           Unusable   N/A       N/A         2

Dungeon Overview and Level Annotations

Branches:
Dungeon (15/15)            Temple (0/1) D:6            Lair (6/6) D:10
 Shoals (0/4) Lair:2       Spider (1/4) Lair:3        Slime (0/5) Lair:6
    Orc (2/2) D:10            Elf (0/3) Orc:2        Vaults (0/5) D:14
 Depths (0/5) D:15          IceCv (visited)         Gauntlet (visited)

Altars:
Elyvilon
Nemelex Xobeh
Okawaru
Trog
Uskayaw
Vehumet
Wu Jian
Xom
Beogh

Shops:
D:7 *   D:10 *(   D:12 [   D:13 ?   Orc:2 [(?*


Innate Abilities, Weirdness & Mutations

You are immune to sickness and miasma.
Your stone body is resilient. (AC +12)
You are immune to poison.
Your large and strong wings let you fly.
You resist negative energy. (rN+)
You are resistant to electric shocks. (rElec)
You are resistant to unholy torment.
You are immune to petrification.
You have sharp toenails.
You are partially covered in iridescent scales. (AC +2)
Your mind is acute. (Int +2)
You do not regenerate when monsters are visible.


Message History

You are caught in a web!
The jumping spider bites you but does no damage.
A moth of wrath comes into view.
A wolf spider comes into view.
The web tears apart.
The jumping spider misses you. The jumping spider bites you.
The jumping spider closely misses you.
The jumping spider completely misses you.
The wolf spider hits you! The wolf spider closely misses you.
The moth of wrath goads the wolf spider on!
The wolf spider goes berserk!
The wolf spider hits you but does no damage.
The wolf spider bites you but does no damage.
The jumping spider pounces on you but does no damage.
The jumping spider bites you but does no damage.
The jumping spider pounces on you. The jumping spider closely misses you.
The wolf spider hits you but does no damage.
The wolf spider barely misses you.
As you read the scroll of teleportation, it crumbles to dust.
You feel strangely unstable.
The wolf spider hits you but does no damage.
The wolf spider barely misses you.
The jumping spider pounces on you but does no damage.
The jumping spider bites you but does no damage.
The wolf spider barely misses you. The wolf spider bites you!
* * * LOW HITPOINT WARNING * * *
The jumping spider pounces on you.
* * * LOW HITPOINT WARNING * * *
You are caught in a web!
The jumping spider barely misses you.
The moth of wrath bites you but does no damage.
A redback comes into view.
The wolf spider hits you but does no damage.
The wolf spider bites you but does no damage.
The wolf spider hits you but does no damage.
The wolf spider bites you but does no damage.
The jumping spider pounces on you!
* * * LOW HITPOINT WARNING * * *
The jumping spider bites you but does no damage.
You feel much better. The wolf spider hits you!!
* * * LOW HITPOINT WARNING * * *
The wolf spider bites you!
You die...

#.....##.##..........# #
#...................# #
#........##.........#
#........####......## .
#........######.#^.# ..
#........##..###s### ..
.. #^.............#.##
.(.. .
##..#.............##.....
..........#.ws@#...#
[...#.ssy.#.#
.......##..#.# #.!.s.s
...#.# ....#.. ^.## .
...≈#...... . .≈≈ .)≈..#.
.. .≈ ≈≈#≈.. .. ≈#.. ..


You could see a torpor snail, 2 wolf spiders, a moth of wrath, 2 orb spiders, a
jumping spider (berserk, misshapen) and a redback.

Vanquished Creatures
  Gastronok (Lair:2)
  A fire giant (D:15)
  An orc warlord (Orc:1)
  A reaper (IceCv)
  Nessos (Lair:5)
  A minotaur (Gauntlet)
  Azrael (Orc:1)
  An entropy weaver (Spider:1)
  The ghost of Panli the Archer, a journeyman CeAM of Okawaru (Lair:5)
  A blizzard demon (Gauntlet)
  The ghost of Xyruwy the Protected, a journeyman DECj of Ashenzari (Lair:5)
  4 hydras
  2 vault guards (D:14)
  A fire dragon (Lair:6)
  2 boulder beetles
  Fannar (Orc:1)
  2 catoblepae
  3 ogre magi
  5 centaur warriors
  An alligator (Lair:6)
  11 two-headed ogres
  6 death yaks
  2 tengu warriors
  An orc high priest (Orc:2)
  A fire crab (D:15)
  5 skeletal warriors
  A swamp dragon (Lair:6)
  Pikel (D:9)
  2 wizards
  A necromancer (D:11)
  A deep elf pyromancer (D:14)
  6 orc knights
  2 orc sorcerers
  2 wolf spiders (Spider:1)
  An orb spider (Spider:1)
  2 cyclopes
  9 ugly things
  5 slime creatures
  A shining eye (Gauntlet)
  5 oklob plants (Lair:6)
  A moth of wrath (Spider:1)
  2 manticores (D:14)
  5 elephants (Lair:6)
  4 black mambas
  15 cane toads
  2 ice statues (IceCv)
  4 gargoyles
  7 rime drakes
  A freezing wraith (D:14)
  19 komodo dragons
  3 unseen horrors
  An efreet (D:14)
  A demonic crawler (Spider:1)
  A tengu conjurer (D:15)
  8 ice devils
  A queen bee (Lair:3)
  10 polar bears (Lair:6)
  6 trolls
  21 blink frogs
  3 raiju (Lair:6)
  A dream sheep (Lair:6)
  A vampire (D:12)
  4 shadows
  3 tarantellas (Spider:1)
  8 redbacks
  32 yaks
  7 wyverns
  6 fire elementals
  4 wraiths
  A dire elephant simulacrum (IceCv)
  4 steam dragons
  A human (shapeshifter) (D:12)
  5 basilisks
  10 humans (D:14)
  3 death yak simulacra (IceCv)
  10 vampire mosquitoes
  6 wargs
  5 large abominations (D:14)
  2 acid dragons
  11 water moccasins
  A floating eye (Gauntlet)
  16 hell hounds
  14 black bears
  33 orc warriors
  2 swamp drakes (Lair:6)
  4 ice beasts
  27 wolves
  17 ogres
  18 centaurs
  2 lemures (D:9)
  A phantom (D:6)
  Blork the orc (D:4)
  3 kobold brigands
  2 two-headed ogre simulacra (IceCv)
  8 bullfrogs
  A wyvern zombie (D:8)
  4 scorpions
  2 gnoll sergeants
  A water moccasin zombie (D:6)
  6 wights
  2 elephant simulacra (IceCv)
  22 killer bees
  2 electric eels
  6 howler monkeys
  A crimson imp (D:15)
  3 centaur zombies
  A bullfrog zombie (D:5)
  A jelly (D:6)
  16 orc priests
  6 hounds
  A bullfrog skeleton (D:4)
  A gnoll shaman (D:5)
  30 orc wizards
  5 iguanas
  5 polar bear simulacra (D:11)
  2 yak simulacra (D:11)
  A spriggan simulacrum (IceCv)
  2 troll simulacra (IceCv)
  3 wolf simulacra
  7 small abominations (D:14)
  A howler monkey zombie (D:5)
  15 gnolls
  3 naga simulacra (IceCv)
  6 adders
  A howler monkey skeleton (D:7)
  2 shadow imps (D:6)
  14 white imps
  2 ufetubi (IceCv)
  A worm (D:5)
  3 dart slugs
  95 orcs
  4 ball pythons
  6 bats
  7 endoplasms
  2 giant cockroaches (D:1)
  5 goblins
  7 hobgoblins
  5 jackals
  4 quokkas
  8 frilled lizards (D:1)
  19 kobolds
  6 rats
  2 river rat simulacra (D:11)
834 creatures vanquished.

Vanquished Creatures (collateral kills)
  An orc priest (D:4)
  2 orcs (D:4)
  2 foxfires (D:2)
5 creatures vanquished.

Vanquished Creatures (others)
  A jumping spider (Spider:1)
  A basilisk (Lair:6)
  A white imp (IceCv)
  An ufetubus (IceCv)
  An orc (Orc:2)
  532 foxfires
  31 fungi
  111 plants
  6 withered plants (Lair:5)
685 creatures vanquished.

Grand Total: 1524 creatures vanquished

Notes
Turn   | Place    | Note
-------+----------+-------------------------------------------
     0 | D:1      | jlumianski the Gargoyle Monk began the quest for the Orb.
     0 | D:1      | Reached XP level 1. HP: 14/14 MP: 1/1
    15 | D:1      | Found a faded altar of an unknown god.
    55 | D:1      | Became a worshipper of Vehumet
    55 | D:1      | Reached * piety under Vehumet
    55 | D:1      | Offered knowledge of Foxfire by Vehumet.
    55 | D:1      | Reached ** piety under Vehumet
   298 | D:1      | Offered knowledge of Magic Dart by Vehumet.
   299 | D:1      | Reached XP level 2. HP: 7/19 MP: 2/2
   301 | D:1      | Learned a level 1 spell: Foxfire
   507 | D:1      | Offered knowledge of Stone Arrow by Vehumet.
   517 | D:1      | Reached *** piety under Vehumet
  1402 | D:1      | Reached XP level 3. HP: 22/23 MP: 3/3
  1464 | D:2      | Offered knowledge of Olgreb's Toxic Radiance by Vehumet.
  1739 | D:2      | Reached skill level 1 in Conjurations
  1894 | D:2      | Reached XP level 4. HP: 28/28 MP: 2/4
  3091 | D:3      | Reached skill level 1 in Spellcasting
  3096 | D:3      | Learned a level 4 spell: Olgreb's Toxic Radiance
  3240 | D:3      | Reached **** piety under Vehumet
  3380 | D:3      | Noticed a scorpion
  3392 | D:3      | Killed a scorpion
  3393 | D:3      | Reached skill level 2 in Conjurations
  3393 | D:3      | Reached XP level 5. HP: 26/33 MP: 4/6
  3456 | D:3      | Noticed a black bear
  3470 | D:3      | Killed a black bear
  3471 | D:3      | Reached skill level 1 in Fire Magic
  3471 | D:3      | Reached skill level 1 in Poison Magic
  3471 | D:3      | Reached XP level 6. HP: 31/38 MP: 5/8
  3590 | D:3      | Found a bloodstained altar of Trog.
  3871 | D:4      | Reached skill level 1 in Maces & Flails
  3957 | D:4      | Reached skill level 3 in Conjurations
  4047 | D:4      | Offered knowledge of Hailstorm by Vehumet.
  4248 | D:4      | Reached XP level 7. HP: 42/42 MP: 7/10
  4680 | D:4      | Noticed Blork the orc
  4749 | D:4      | Found a white marble altar of Elyvilon.
  4750 | D:4      | Found a shimmering altar of Xom.
  4751 | D:4      | Found an ornate altar of the Wu Jian Council.
  4825 | D:4      | Killed Blork the orc
  5301 | D:5      | Entered Level 5 of the Dungeon
  5354 | D:4      | Reached skill level 4 in Conjurations
  5499 | D:5      | Reached skill level 1 in Armour
  5582 | D:5      | Reached XP level 8. HP: 40/48 MP: 5/11
  7002 | D:6      | Reached skill level 1 in Throwing
  7152 | D:6      | Noticed a shadow
  7166 | D:6      | Killed a shadow
  7167 | D:6      | Reached skill level 5 in Conjurations
  7392 | D:6      | Found a staircase to the Ecumenical Temple.
  7430 | D:6      | Found a hide-covered altar of Uskayaw.
  7501 | D:6      | Reached XP level 9. HP: 42/52 MP: 11/14
  7656 | D:6      | Reached ***** piety under Vehumet
  7907 | D:6      | Offered knowledge of Irradiate by Vehumet.
  7914 | D:6      | Learned a level 5 spell: Irradiate
  8372 | D:7      | Noticed a two-headed ogre
  8374 | D:7      | Noticed a komodo dragon
  8687 | D:7      | Reached skill level 6 in Conjurations
  8754 | D:7      | Killed a two-headed ogre
  8755 | D:7      | Reached skill level 5 in Poison Magic
  8887 | D:7      | Reached XP level 10. HP: 58/58 MP: 16/16
  9086 | D:7      | Found Xeiz's Assorted Antiques.
  9094 | D:7      | Bought a glowing whip for 99 gold pieces
  9095 | D:7      | Bought a notched sapphire ring for 90 gold pieces
  9095 | D:7      | Bought a lead wand for 72 gold pieces
  9095 | D:7      | Bought a scroll of identify for 36 gold pieces
  9095 | D:7      | Bought a scroll of fear for 63 gold pieces
  9280 | D:7      | Learned a level 5 spell: Freezing Cloud
  9351 | D:8      | Reached skill level 5 in Maces & Flails
  9520 | D:8      | Found a sparkling altar of Nemelex Xobeh.
  9601 | D:8      | Noticed a six-headed hydra
  9628 | D:8      | Killed a six-headed hydra
  9629 | D:8      | Reached skill level 7 in Conjurations
 10206 | D:9      | Reached skill level 5 in Fighting
 10222 | D:9      | Reached skill level 5 in Stealth
 10227 | D:9      | Reached skill level 5 in Dodging
 10483 | D:9      | Noticed a two-headed ogre
 10498 | D:9      | Killed a two-headed ogre
 10499 | D:9      | Reached skill level 5 in Spellcasting
 10499 | D:9      | Reached XP level 11. HP: 39/64 MP: 3/18
 11080 | D:9      | Noticed Pikel
 11086 | D:9      | Paralysed by Pikel for 5 turns
 11092 | D:9      | Killed Pikel
 11228 | D:9      | Found an iron altar of Okawaru.
 11455 | D:9      | Reached skill level 8 in Conjurations
 11717 | D:10     | Entered Level 10 of the Dungeon
 11723 | D:9      | Reached skill level 1 in Transmutations
 11901 | D:10     | Found Axieneus's Weapon Boutique.
 11901 | D:10     | Offered knowledge of Eringya's Noxious Bog by Vehumet.
 11903 | D:10     | Noticed an orc knight
 12033 | D:10     | Killed an orc knight
 12045 | D:10     | Found a staircase to the Orcish Mines.
 12070 | D:10     | Noticed a two-headed ogre
 12089 | D:10     | Killed a two-headed ogre
 12112 | D:10     | Bought a +0 lajatang for 225 gold pieces
 12501 | D:10     | Found a staircase to the Lair.
 13225 | D:10     | Found Bixi Mamm's Island Escapes.
 13396 | D:10     | Bought a scroll of blinking for 127 gold pieces
 13748 | D:11     | Reached skill level 9 in Conjurations
 13750 | D:11     | Reached XP level 12. HP: 50/68 MP: 21/21
 14269 | D:11     | Reached skill level 1 in Ice Magic
 14345 | D:12     | Found Saoch's Antique Armour Shoppe.
 14385 | D:12     | Noticed a four-headed hydra
 14394 | D:12     | Killed a four-headed hydra
 15231 | D:13     | Noticed a tengu warrior
 15259 | D:13     | Killed a tengu warrior
 15888 | Orc:1    | Entered Level 1 of the Orcish Mines
 15928 | Orc:1    | Noticed Fannar
 16070 | D:10     | Reached skill level 10 in Conjurations
 16070 | D:10     | Reached skill level 1 in Air Magic
 16112 | Orc:1    | Killed Fannar
 16112 | Orc:1    | Offered knowledge of Iskenderun's Battlesphere by Vehumet.
 16121 | Orc:1    | Learned a level 5 spell: Iskenderun's Battlesphere
 16247 | Orc:1    | Paralysed by an orc sorcerer for 5 turns
 16258 | Orc:1    | Paralysed by an orc sorcerer for 2 turns
 16262 | Orc:1    | Reached XP level 13. HP: 70/74 MP: 21/24
 16267 | Orc:1    | Learned a level 3 spell: Stone Arrow
 16706 | Orc:2    | Entered Level 2 of the Orcish Mines
 16706 | Orc:2    | Noticed Azrael
 16741 | Orc:1    | Killed Azrael
 16742 | Orc:1    | Reached skill level 5 in Armour
 17424 | Orc:2    | Found a staircase to the Elven Halls.
 17818 | Orc:2    | Noticed an orc warlord
 18006 | Orc:1    | Killed an orc warlord
 18433 | Orc:2    | Gained mutation: You are weak. (Str -2) [a neqoxec]
 18457 | Orc:2    | Found Poizi's Antique Armour Emporium.
 18463 | Orc:2    | Found Lehegowo's Antique Weapon Shoppe.
 18673 | Orc:2    | Reached skill level 11 in Conjurations
 18682 | Orc:2    | Found Kicrun's Magic Scroll Shop.
 18697 | Orc:2    | Bought a scroll of brand weapon for 260 gold pieces
 18697 | Orc:2    | Bought a scroll of enchant armour for 97 gold pieces
 18697 | Orc:2    | Bought a scroll of enchant armour for 97 gold pieces
 18697 | Orc:2    | Bought a scroll of blinking for 97 gold pieces
 18761 | Orc:2    | Found Rineycol's General Store.
 19085 | Orc:1    | Paralysed by something for 7 turns
 19290 | Lair:1   | Entered Level 1 of the Lair of Beasts
 19421 | Lair:1   | Offered knowledge of Spellforged Servitor by Vehumet.
 19422 | Lair:1   | Reached skill level 10 in Poison Magic
 19458 | Lair:1   | Reached skill level 1 in Staves
 19728 | Lair:1   | Found a hide-covered altar of Uskayaw.
 20262 | Lair:2   | Found a frozen archway.
 20280 | IceCv    | Entered an ice cave
 20316 | IceCv    | Learned a level 5 spell: Bolt of Magma
 20328 | IceCv    | Reached ****** piety under Vehumet
 20792 | IceCv    | Gained mutation: Your large and strong wings let you fly.
                  | [Gargoyle growth]
 20792 | IceCv    | Reached XP level 14. HP: 82/82 MP: 26/26
 20917 | IceCv    | Reached skill level 1 in Earth Magic
 21062 | IceCv    | Offered knowledge of Conjure Ball Lightning by Vehumet.
 21100 | IceCv    | Noticed a reaper
 21135 | IceCv    | Killed a reaper
 21548 | Lair:2   | Found a shimmering altar of Xom.
 21797 | Lair:2   | Found a staircase to the Shoals.
 22044 | Lair:2   | Noticed Gastronok
 22060 | Lair:2   | Killed Gastronok
 22413 | Lair:3   | Reached skill level 5 in Staves
 23013 | Lair:3   | Found a hole to the Spider Nest.
 23476 | Lair:4   | Gained mutation: You sometimes lose the ability to read
                  | scrolls when taking damage. [mutagenic glow]
 23491 | Lair:3   | Gained mutation: Your magical capacity is low. (-10% MP)
                  | [mutagenic glow]
 24616 | Lair:5   | Noticed Nessos
 24812 | Lair:5   | Killed Nessos
 24813 | Lair:5   | Reached skill level 12 in Conjurations
 25341 | Lair:5   | Found a runed translucent gate.
 25341 | Lair:5   | Found a runed translucent gate.
 25341 | Lair:5   | Found a runed translucent gate.
 25342 | Lair:5   | Noticed Xyruwy's ghost (journeyman DECj)
 25343 | Lair:5   | Noticed Panli's ghost (journeyman CeAM)
 25550 | Lair:5   | Killed Xyruwy's ghost
 25557 | Lair:5   | Killed Panli's ghost
 25561 | Lair:5   | Identified the amulet "Buiff" {Rampage Regen+}
 25587 | Lair:5   | Identified the +2 spear "Piseq" {freeze, *Corrode rElec
                  | rC+}
 25721 | Lair:6   | Entered Level 6 of the Lair of Beasts
 25733 | Lair:6   | Offered knowledge of Ozocubu's Refrigeration by Vehumet.
 25734 | Lair:6   | Reached XP level 15. HP: 87/87 MP: 25/25
 25801 | Lair:6   | Found a staircase to the Slime Pits.
 25859 | Lair:6   | Gained mutation: You do not regenerate when monsters are
                  | visible. [mutagenic glow]
 25871 | Lair:6   | Identified a scroll of acquirement
 26221 | D:10     | Lost mutation: You sometimes lose the ability to read
                  | scrolls when taking damage. [potion of mutation]
 26221 | D:10     | Lost mutation: You are weak. (Str -2) [potion of mutation]
 26221 | D:10     | Gained mutation: You sometimes lose the ability to read
                  | scrolls when taking damage. [potion of mutation]
 26221 | D:10     | Gained mutation: You have sharp toenails. [potion of
                  | mutation]
 26998 | Orc:2    | Bought a scroll of brand weapon for 260 gold pieces
 27002 | Orc:2    | Acquired a book of Frost
 27008 | Orc:2    | Learned a level 3 spell: Frozen Ramparts
 27593 | Lair:6   | Offered knowledge of Iron Shot by Vehumet.
 29123 | D:13     | Found Miem's Magic Scroll Shoppe.
 29126 | D:13     | Bought a scroll of enchant weapon for 112 gold pieces
 29562 | D:14     | Reached XP level 16. HP: 93/93 MP: 26/26
 29584 | D:14     | Reached skill level 5 in Fire Magic
 29592 | D:14     | Found a gate leading to a gauntlet.
 29601 | Gauntlet | Entered a Gauntlet
 29601 | Gauntlet | Found a transporter.
 29601 | Gauntlet | Found a transporter.
 29605 | Gauntlet | Found a transporter.
 29608 | Gauntlet | Found a transporter.
 29609 | Gauntlet | Found a transporter.
 29609 | Gauntlet | Found a transporter.
 29610 | Gauntlet | Found the +3 Elemental Staff {rElec rF++ rC++ Will++ AC+5}
 29646 | Gauntlet | Found a runed translucent door.
 29649 | Gauntlet | Found a transporter.
 29651 | Gauntlet | Found a transporter.
 29660 | Gauntlet | Found a transporter.
 29676 | Gauntlet | Found a transporter.
 29694 | Gauntlet | Found a transporter.
 29695 | Gauntlet | Found a transporter.
 29827 | Gauntlet | Lost mutation: Your magical capacity is low. (-10% MP)
                  | [potion of mutation]
 29827 | Gauntlet | Lost mutation: You sometimes lose the ability to read
                  | scrolls when taking damage. [potion of mutation]
 29827 | Gauntlet | Gained mutation: You are partially covered in iridescent
                  | scales. (AC +2) [potion of mutation]
 29827 | Gauntlet | Gained mutation: Your mind is acute. (Int +2) [potion of
                  | mutation]
 29857 | Gauntlet | Reached skill level 10 in Staves
 29877 | Gauntlet | Identified the +2 cloak of Jisum {Contam rElec rPois Dex-4}
 29953 | Gauntlet | Identified the +10 long sword of the Poles {elec, Fragile
                  | rElec Dex+4}
 29954 | Gauntlet | Got the Collected Works on Ashen Dark Rites
 30155 | D:14     | Found a gate to the Vaults.
 30404 | D:14     | Offered knowledge of Fire Storm by Vehumet.
 30404 | D:14     | Offered knowledge of Shatter by Vehumet.
 30404 | D:14     | Offered knowledge of Chain Lightning by Vehumet.
 30416 | D:14     | Reached skill level 1 in Evocations
 30568 | D:14     | Reached skill level 1 in Necromancy
 30629 | D:14     | Identified the +7 hand crossbow of Kecw {venom, rC+ SInv}
 30631 | D:14     | Identified the +2 long sword of Otum {elec, *Slow rC+
                  | Will+++ Dex+7}
 30982 | D:15     | Entered Level 15 of the Dungeon
 30993 | D:15     | Reached skill level 13 in Conjurations
 31241 | D:15     | Found a staircase to the Depths.
 32118 | Spider:1 | Entered Level 1 of the Spider Nest
 32470 | Spider:1 | Slain by a wolf spider

Illustrated notes

Levels and vault maps discovered:
D:1:      dpeg_arrival_lava_temple_mockup, layout_loops_ring,
          hellmonk_ecumenical_altar_pennies_from_heaven, minmay_lizard_pond
D:2:      layout_basic, serial_bayou, serial_bayou_crossing,
          serial_bayou_lake_a, serial_bayou_ford_a, serial_bayou_pond_b
D:3:      layout_loops_ring, overflow_temple_1_default
D:4:      layout_layer_cave, chequers_temple_overflow_statue_of_worship,
          uniq_blork_the_orc
D:5:      layout_cave_pools, cheibrodos_sewer_entry_bend,
          chequers_serial_rivers_small_a, corner_web_ring,
          minmay_tree_intersection, minmay_misc_feat_columns
D:6:      layout_basic, mainiacjoe_overflow_alcove_4, minmay_temple_entry_fiery,
          minmay_increasing_density
D:7:      layout_rooms, serial_shops, nicolae_shop_overgrown_old_shop,
          chequers_avenue
D:8:      layout_basic, lemuel_coloured_pillars_altar
D:9:      layout_gridville, mainiacjoe_overflow_brackets, kennysheep_donut,
          uniq_pikel
D:10:     layout_cave_pools, lair_entry_dummy, orc_david_3,
          serial_co_window_serial, co_window_paths_b, co_window_paths_a,
          co_window_paths_b, co_window_of_opportunity_a, co_window_paths_a,
          co_window_paths_c, co_window_broadway_c, co_window_broadway_b,
          co_window_corner_cb, co_window_corner_b, co_window_4corner_b,
          co_window_paths_d, glass_columns_b, glass_columns_b, glass_columns_a,
          nicolae_island_escapes
D:11:     layout_gridville, amcnicky_mini_corridor_feature,
          eino_house_with_fridge
D:12:     layout_basic, serial_shops, shop
D:13:     layout_grid_maze, serial_shops, nicolae_shop_behind_doors
D:14:     layout_gridville, ximxim_vaults_locker_room, gauntlet_entry_generic,
          minmay_misc_feat_x, laboratory
D:15:     grunt_enter_depths_giant_problem, layout_grid_maze, minivault_26,
          hangedman_decor_riveting, lightli_wizard_tower
Lair:1:   layout_gridlike, basic_altar
Lair:2:   layout_long_grid, minmay_shoals_entry_centaurs, basic_altar,
          portal_ice_cave_entry_imps, lemuel_fruit_fields,
          infiniplex_staircase_pool_2, uniq_gastronok
Lair:3:   layout_loops_ring, spider_nest_entry_a, serial_forest,
          infiniplex_forest_lined_ring, infiniplex_forest_straight_1,
          infiniplex_forest_zigzag_2, infiniplex_forest_straight_2,
          infiniplex_forest_straight_4, infiniplex_forest_lined_4_way,
          infiniplex_forest_pool, infiniplex_forest_lined_4_way, special_room
          [special_room_bee]
Lair:4:   layout_gridlike, hangedman_lair_unloving_vines, lemuel_fruit_tree
Lair:5:   layout_cave_shapes, gammafunk_ghost_cemetery,
          grunt_forest_small_clearings, uniq_nessos
Lair:6:   guppyfry_lair_end_dragon, layout_small_grid,
          hangedman_lair_caniforms_friends, minmay_slime_entry_oklob_open,
          nicolae_quartered_pool_super, minmay_lair_oklob_chamber
Spider:1: layout_chambers, nicolae_spider_not_touching_you
Orc:1:    layout_caves, mines4_lemuel, uniq_fannar
Orc:2:    grunt_orc_community_town_hall, layout_caves,
          grunt_orc_community_big_house_2, grunt_orc_community_big_house_1,
          grunt_orc_community_house_1, grunt_orc_community_house_2,
          grunt_orc_community_house_3, grunt_orc_community_house_1,
          grunt_orc_community_house_2, grunt_orc_community_house_3, uniq_azrael

Skill      XL: |  1  2  3  4  5  6  7  8  9 10 11 12 13 14 15 16 |
---------------+-------------------------------------------------+-----
Axes           | 3 |  3.6
Conjurations   | 1 2 3 4 5 6 7 9 10 11 12 13 | 13.2
Spellcasting   | 1 2 3 4 5 6 7 8 9 |  9.6
Dodging        | 3 4 5 6 7 8 |  8.2
Fire Magic     | 1 2 3 4 5 |  5.0
Poison Magic   | 1 2 4 5 6 7 8 10 11 12 | 12.0
Maces & Flails | 1 2 3 4 5 6 7 |  7.8
Stealth        | 3 5 6 7 |  7.2
Fighting       | 4 5 6 7 8 9 |  9.0
Armour         | 1 2 3 4 5 7 8 |  8.2
Throwing       | 1 2 3 |  3.5
Transmutations | 2 3 |  3.7
Ice Magic      | 1 2 |  2.7
Air Magic      | 1 2 |  2.0
Staves         | 3 7 9 10 | 10.7
Earth Magic    | 1 2 |  2.1
Evocations     | 1 |  1.8
Necromancy     | 2 |  2.0

Action                   |  1- 3 |  4- 6 |  7- 9 | 10-12 | 13-15 | 16-18 || total
-------------------------+-------+-------+-------+-------+-------+-------++-------
Melee: Hand axe          |    81 |     7 |       |       |       |       ||    88
       Whip              |       |    56 |   223 |   398 |   258 |       ||   935
       Lajatang          |       |       |       |       |  1012 |   100 ||  1112
       Eveningstar       |       |       |       |       |       |   142 ||   142
       Staff             |       |       |       |       |       |     3 ||     3
Throw: Dart              |       |     3 |    19 |    10 |       |       ||    32
       Boomerang         |       |       |       |    10 |    14 |     4 ||    28
 Cast: Foxfire           |    26 |    52 |   115 |    59 |    60 |     1 ||   313
       Olgreb's Toxic Ra |       |       |     6 |    14 |    13 |     1 ||    34
       Irradiate         |       |       |     2 |    50 |    79 |     8 ||   139
       Freezing Cloud    |       |       |       |    17 |    17 |     6 ||    40
       Iskenderun's Batt |       |       |       |     1 |    35 |     1 ||    37
       Stone Arrow       |       |       |       |       |    47 |     3 ||    50
       Bolt of Magma     |       |       |       |       |    28 |     7 ||    35
       Frozen Ramparts   |       |       |       |       |       |     6 ||     6
Evoke: Wand              |       |       |       |     4 |       |       ||     4
  Use: Scroll            |     3 |     4 |     7 |     6 |    15 |     2 ||    37
       Potion            |     1 |     2 |       |     1 |     5 |     3 ||    12
 Stab: Sleeping          |     1 |       |     2 |     4 |    10 |     2 ||    19
       Petrified         |       |       |       |       |     6 |       ||     6
       Distracted        |       |       |       |       |     5 |     2 ||     7
Armor: Robe              |    29 |    20 |       |       |       |       ||    49
       Leather armour    |       |     7 |   104 |   136 |       |       ||   247
       Troll leather arm |       |       |       |   131 |   861 |   233 ||  1225
Dodge: Dodged            |    64 |    47 |   137 |   299 |  1112 |   191 ||  1850
